 Dungeon Crawl Stone Soup version 0.28.0-43-g3370ac3207 (webtiles) character file.

Game seed: 2928337707194617590

60 adizb the Cudgeller (level 3, -1/36 HPs)
             Began as a Troll Monk on Mar 5, 2022.
             Slain by a hobgoblin (4 damage)
             ... led by Robin
             ... on level 3 of the Dungeon.
             The game lasted 00:05:48 (695 turns).

adizb the Cudgeller (Troll Monk)                     Turns: 695, Time: 00:05:50

Health: -1/36      AC:  4    Str: 21    XL:     3   Next: 80%
Magic:  2/2        EV: 10    Int:  6    God:
Gold:   92         SH:  0    Dex: 12    Spells: 2/2 levels left

rFire   . . .      SeeInvis .   a - +0 mace
rCold   . . .      Faith    .   (no shield)
rNeg    . . .      Spirit   .   b - +0 robe
rPois   .          Reflect  .   (helmet restricted)
rElec   .          Harm     .   (no cloak)
rCorr   .          Rampage  .   (gloves unavailable)
Will    .....      Rage     1%  (boots unavailable)
Stlth   ++........              (no amulet)
HPRegen 0.92/turn               (no ring)
MPRegen 0.08/turn               (no ring)

@: on berserk cooldown, slowed, unable to read, very slow
A: large, unfitting armour, claws 3, regeneration 1, shaggy fur 1, tough skin 1,
berserk 1, inability to read while threatened
a: no special abilities


You were on level 3 of the Dungeon.
You visited 1 branch of the dungeon, and saw 3 of its levels.

You collected 92 gold pieces.

Inventory:

Hand Weapons
 a - a +0 mace (weapon)
Missiles
 c - 6 poisoned darts (quivered)
Armour
 b - a +0 robe (worn)
Jewellery
 e - a ring of resist corrosion
 g - a ring of poison resistance
Scrolls
 f - a scroll of magic mapping


   Skills:
 + Level 2.8 Fighting
 + Level 3.1 Maces & Flails
 + Level 2.7 Dodging
 - Level 1.0 Stealth
 * Level 2.1 Unarmed Combat


You had 2 spell levels left.
You didn't know any spells.
Your spell library was empty.

Dungeon Overview and Level Annotations

Branches:
Dungeon (3/15)

Altars:
Dithmenos
Fedhas

Portals:
Sewer: D:3

Annotations:
D:2 Terence
D:3 Robin


Innate Abilities, Weirdness & Mutations

You are too large for most types of armour.
You have claws for hands.
Your natural rate of healing is unusually fast.
You are covered in fur. (AC +1)
You have tough skin. (AC +1)
You tend to lose your temper in combat.
You sometimes lose the ability to read scrolls when taking damage.


Message History

The goblin no longer looks unusually strong. x3
The hobgoblin no longer looks unusually strong.
The goblin hits you with a +0 dagger. The goblin hits you but does no damage.
Robin throws the goblin at you!
The hobgoblin hits you but does no damage.
The goblin barely misses you. The goblin misses you.
The goblin hits you with a +0 club. The hobgoblin hits you.
You cannot read scrolls in your current state!
Okay, then.
You closely miss the goblin.
The goblin hits you but does no damage. x2
The goblin closely misses you.
Robin roars a battlecry!
The goblins go into a battle-frenzy!
The hobgoblin hits you. The goblin hits you but does no damage.
The goblin closely misses you. The goblin hits you but does no damage.
The goblin hits you with a +0 club.
* * * LOW HITPOINT WARNING * * *
The hobgoblin closely misses you.
You barely miss the goblin.
The goblin no longer looks unusually strong.
The hobgoblin no longer looks unusually strong.
The goblin hits you with a +0 dagger.
* * * LOW HITPOINT WARNING * * *
The goblin hits you but does no damage. The goblin misses you.
Robin roars a battlecry!
The goblins go into a battle-frenzy!
The hobgoblin hits you but does no damage.
The goblin hits you but does no damage. x2; The goblin barely misses you.
Robin throws the goblin at you! The hobgoblin barely misses you.
The goblin barely misses you. The goblin closely misses you.
Robin closely misses you. The hobgoblin barely misses you.
The goblin barely misses you.
You feel better. The goblin hits you with a +0 club.
* * * LOW HITPOINT WARNING * * *
The goblin hits you with a +0 club.
* * * LOW HITPOINT WARNING * * *
Robin hits you with a +0 short sword.
* * * LOW HITPOINT WARNING * * *
The hobgoblin hits you.
You die...

# ...... #..#..#### .#.#
#......... #.#.## . .........
...##.#.#### .# # ##.....#
#..###...#.##..#... .......#
#... ..............
.......####..# #†...##..._..
#............####g...........
#......####.##.g@gg..##.g...8
#......##...#..#ggr#.)#......
........'......≈ggg≈......_..
##.#.#.##....#≈≈≈g≈≈≈#.......
##.#.#.#####..≈≈≈≈≈≈≈≈...#...
...#.#.# #...≈≈≈∩≈≈≈....# #.
####.#........≈≈≈≈≈≈≈......
#.#.......#≈≈≈≈≈≈≈#...#.#
#.#.#.###...≈≈≈≈≈.........


You could see Robin, 3 hobgoblins, 6 goblins and a rat.

Vanquished Creatures
  2 adders (D:2)
  A worm (D:2)
  4 endoplasms
  5 giant cockroaches
  3 goblins
  4 hobgoblins (D:1)
  3 jackals (D:2)
  A quokka (D:1)
  5 ball pythons
  A bat (D:1)
  2 kobolds (D:1)
  4 rats
35 creatures vanquished.

Notes
Turn   | Place    | Note
-------+----------+-------------------------------------------
     0 | D:1      | adizb the Troll Monk began the quest for the Orb.
     0 | D:1      | Reached XP level 1. HP: 22/22 MP: 0/0
   124 | D:1      | Reached XP level 2. HP: 26/29 MP: 1/1
   126 | D:1      | Reached skill level 1 in Unarmed Combat
   188 | D:1      | Gained mutation: You sometimes lose the ability to read
                  | scrolls when taking damage. [potion of mutation]
   188 | D:1      | Gained mutation: You tend to lose your temper in combat.
                  | [potion of mutation]
   452 | D:2      | Reached XP level 3. HP: 36/36 MP: 2/2
   531 | D:2      | Found a faded altar of an unknown god.
   537 | D:2      | Reached skill level 3 in Maces & Flails
   621 | D:2      | Noticed Terence
   651 | D:3      | Found a glowing drain.
   677 | D:3      | Found a blossoming altar of Fedhas.
   679 | D:3      | Found a shadowy altar of Dithmenos.
   681 | D:3      | Noticed Robin
   695 | D:3      | Slain by a hobgoblin

Illustrated notes

Levels and vault maps discovered:
D:1:      scummos_arrival_simple_fountains, layout_rooms
D:2:      layout_loops_ring, chequers_ecumenical_altar_simple_redux,
          uniq_terence
D:3:      minmay_inner_zag, layout_basic, grunt_temple_overflow_open,
          lemuel_zombie_altar_kikubaaqudgha, cheibrodos_sewer_entry_drain,
          serial_park_tiny_1, uniq_ijyb, uniq_robin

Skill      XL: |  1  2  3 |
---------------+----------+-----
Unarmed Combat | 1 2 |  2.1
Maces & Flails | 3 |  3.1
Fighting       | |  2.8
Dodging        | |  2.7
Stealth        | |  1.0

Action                   || total
-------------------------++-------
Melee: Mace              ||   106
  Use: Potion            ||     4
       Scroll            ||     3
 Stab: Sleeping          ||     2
Armor: Robe              ||    54
Dodge: Dodged            ||    66
